 Dungeon Crawl Stone Soup version 0.29.0-15-g675c0067aa (webtiles) character file.

Game seed: 5565849457894886467

39 qw the Sneak (level 3, -3/23 HPs)
             Began as a Gargoyle Delver on Sept 11, 2022.
             Slain by a white imp (4 damage)
             ... on level 5 of the Dungeon.
             The game lasted 00:00:05 (397 turns).

qw the Sneak (Gargoyle Delver)                       Turns: 397, Time: 00:00:06

Health: -3/23      AC:  6    Str: 17    XL:     3   Next: 47%
Magic:  3/3        EV: 11    Int: 10    God:
Gold:   11         SH:  0    Dex: 11    Spells: 2/2 levels left

rFire   . . .      SeeInvis .   a - +0 hand axe
rCold   . . .      Faith    .   (no shield)
rNeg    + . .      Spirit   .   b - +0 leather armour
rPois   inf        Reflect  .   (no helmet)
rElec   +          Harm     .   (no cloak)
rCorr   .          Rampage  .   (no gloves)
Will    .....                   (no boots)
Stlth   +++.......              (no amulet)
HPRegen 0.07/turn               (no ring)
MPRegen 0.08/turn               (no ring)

@: no status effects
A: sickness immunity, AC +3, negative energy resistance 1, electricity
resistance, torment resistance 1, petrification resistance
a: no special abilities


You were on level 5 of the Dungeon.
You visited 1 branch of the dungeon, and saw 1 of its levels.

You collected 11 gold pieces.


Innate Abilities, Weirdness & Mutations

You are immune to sickness and miasma.
Your stone body is resilient. (AC +3)
You are immune to poison.
You resist negative energy. (rN+)
You are resistant to electric shocks. (rElec)
You are resistant to unholy torment.
You are immune to petrification.


   Skills:
 - Level 3.2 Fighting
 + Level 3.4 Axes
 - Level 1.5 Dodging
 - Level 5.4 Stealth


You had 2 spell levels left.
You didn't know any spells.
Your spell library was empty.

Inventory:

Hand Weapons
 a - a +0 hand axe (weapon)
Armour
 b - a +0 leather armour (worn)
 h - a +0 scale mail
Wands
 g - a wand of digging (3)
Scrolls
 c - a scroll of fog
 d - a scroll of magic mapping
 e - a scroll of fear
Potions
 f - a potion of haste

Dungeon Overview and Level Annotations

Branches:
Dungeon (5/15)
 Temple: D:4-7

Altars:
Kikubaaqudgha


Message History

The adder closely misses you.
You hit the adder but do no damage.
The adder is lightly wounded.
The adder bites you but does no damage.
You hit the adder.
The adder is moderately wounded.
The adder closely misses you. x2
You closely miss the adder.
The adder is moderately wounded.
The adder bites you but does no damage.
You miss the adder.
The adder is moderately wounded.
The adder closely misses you. x2
You barely miss the adder.
The adder is moderately wounded.
The adder bites you but does no damage.
You hit the adder.
The adder is heavily wounded.
The adder closely misses you. x2
You hit the adder.
The adder is almost dead.
The adder bites you but does no damage.
You miss the adder. Your punch misses the adder.
The adder is almost dead.
The adder bites you but does no damage. The adder bites you.
You slash the adder!
You kill the adder!
You start resting.
A white imp is nearby!
You hit the white imp.
The white imp is heavily wounded.
The white imp closely misses you.
You barely miss the white imp.
The white imp is heavily wounded.
The white imp gestures at you. The puff of frost hits you!
You closely miss the white imp.
The white imp is heavily wounded.
The white imp hits you. The white imp freezes you.
You die...

.#.#+#.#.#.#.#.#.#~
...#.#.#.#.#.#.#.#.# #
#.#.#.#.#.#.#.#.#.#.
.###..#.#.#.#.#.#'#.#.~
#......#.#/#.#.#...#...
#.#.........#.#.....#..
....#..###.####...#...
#....#0...¤#........
#.#@.#.....##.#.....
#.5#)..._......#....
....#.##.....##.#.#.#.
#.#...#.#0...¤#.#.#....
#....#.####.#### #.#...
..###5o# #.# . .. # #.#
... # #.. .... $.. ....


You could see a white imp.

Vanquished Creatures
  An orc priest (D:5)
  An adder (D:5)
  An orc (D:5)
3 creatures vanquished.

Notes
Turn   | Place    | Note
-------+----------+-------------------------------------------
     0 | D:5      | qw the Gargoyle Delver began the quest for the Orb.
     0 | D:5      | Reached XP level 1. HP: 14/14 MP: 1/1
     0 | D:5      | 0 ||| qw: Version: 0.1-a-117-gfe26ee0
     0 | D:5      | 0 ||| qw: Game counter: 10087
     0 | D:5      | 0 ||| qw: Always use a shield: true
     0 | D:5      | 0 ||| qw: God list: Okawaru
     0 | D:5      | 0 ||| qw: Allow faded altars: false
     0 | D:5      | 0 ||| qw: Do Orc after D:15 true
     0 | D:5      | 0 ||| qw: Do second Lair branch before Depths: true
     0 | D:5      | 0 ||| qw: Lair rune preference: random
     0 | D:5      | 0 ||| qw: Plans: Normal
     0 | D:5      | 0 ||| PLANNING D:1-11
    16 | D:5      | Noticed an iguana
    17 | D:5      | 17 ||| Stepping ~*~*~tactically~*~*~ (stealth).
    26 | D:5      | Found an ancient bone altar of Kikubaaqudgha.
    48 | D:5      | HP: 3/14 [orc/+0 short sword (2)]
   221 | D:5      | Noticed a scorpion
   222 | D:5      | 222 ||| Stepping ~*~*~tactically~*~*~ (stealth).
   327 | D:5      | Noticed an orc priest
   328 | D:5      | 328 ||| Stepping ~*~*~tactically~*~*~ (stealth).
   328 | D:5      | Noticed an orc priest
   329 | D:5      | 329 ||| Stepping ~*~*~tactically~*~*~ (stealth).
   330 | D:5      | 330 ||| Stepping ~*~*~tactically~*~*~ (stealth).
   331 | D:5      | 331 ||| Stepping ~*~*~tactically~*~*~ (stealth).
   334 | D:5      | 334 ||| Stepping ~*~*~tactically~*~*~ (stealth).
   338 | D:5      | Killed an orc priest
   339 | D:5      | Reached skill level 3 in Axes
   339 | D:5      | Reached XP level 2. HP: 7/19 MP: 2/2
   339 | D:5      | Reached XP level 3. HP: 9/23 MP: 3/3
   396 | D:5      | HP: 2/23 [white imp/puff of frost (7)]
   397 | D:5      | Slain by a white imp

Levels and vault maps discovered:
D:5:      layout_basic, nicolae_kikubaaqudgha_miasma_corner, serial_rivers,
          chequers_serial_rivers_marsh, chequers_serial_rivers_large_b,
          chequers_serial_rivers_marsh, chequers_serial_rivers_micro_c,
          chequers_serial_rivers_micro_b, minmay_starry_boxes

Skill      XL: |  1 |
---------------+----+-----
Axes           | 3 |  3.4
Fighting       | |  3.2
Dodging        | |  1.5
Stealth        | |  5.4

Action                   || total
-------------------------++-------
Melee: Hand axe          ||    29
       Punch             ||     1
Armor: Leather armour    ||    13
Dodge: Dodged            ||    17

Table legend:
 A = Non-vault XP
 B = Vault XP
 C = Vault XP percentage of total XP
 D = Non-vault monster count
 E = Vault monster count
 F = Vault count percentage of total count
                 A         B        C        D         E       F
            +---------+---------+-------+---------+---------+-------
      Total |      57 |       0 |   0.0 |       3 |       0 |   0.0
            +---------+---------+-------+---------+---------+-------
        D:5 |      57 |       0 |   0.0 |       3 |       0 |   0.0
            +---------+---------+-------+---------+---------+-------
